 Dungeon Crawl Stone Soup version 0.18-a0-1789-gbeff17f (webtiles) character file.

54 dynamoDes the Digger (level 3, -2/19 HPs)
             Began as a Deep Elf Earth Elementalist on Apr 21, 2016.
             Slain by a hobgoblin
             ... wielding a +0 club
              (3 damage)
             ... on level 2 of the Dungeon.
             The game lasted 00:10:54 (1626 turns).

dynamoDes the Digger (Deep Elf Earth Elementalist)  Turns: 1626, Time: 00:10:55

Health: -2/19      AC:  4    Str:  5    XL:     3   Next: 66%
Magic:  0/10       EV: 13    Int: 20    God:
Gold:   84         SH:  0    Dex: 15    Spells: 2 memorised, 5 levels left

rFire  . . .     SeeInvis .     r - +0 spear
rCold  . . .     Gourm    .     a - +0 robe
rNeg   . . .     Faith    .     (no shield)
rPois  .         Spirit   .     (no helmet)
rElec  .         Dismiss  .     (no cloak)
rCorr  .         Reflect  .     (no gloves)
SustAt .         Harm     .     p - +1 pair of boots
MR     .....                    (no amulet)
Stlth  ++........               (no ring)
                                (no ring)

@: not resistant to hostile enchantments, unstealthy
A: no striking features
a: no special abilities


You were on level 2 of the Dungeon.
You were not hungry.

You visited 1 branch of the dungeon, and saw 2 of its levels.

You collected 84 gold pieces.

Inventory:

Hand Weapons
 k - a +0 short sword
 r - a +0 spear (weapon)
Missiles
 b - 78 stones (quivered)
 e - 13 poisoned needles
 g - 40 bolts
Armour
 a - a +0 robe (worn)
 p - a +1 pair of boots (worn)
Scrolls
 f - a scroll of identify {unknown}
 j - a scroll of blinking {unknown}
 m - a scroll of immolation
 n - a scroll of enchant weapon {unknown}
 q - a scroll of enchant armour
Potions
 l - 2 potions of curing
Books
 c - a book of Geomancy

   Spells                             Type                      Level
   a - Sandblast                      Earth                        1
   b - Passwall                       Transmutation/Earth          2
   c - Stone Arrow                    Conjuration/Earth            3
   d - Petrify                        Transmutation/Earth          4
   e - Lee's Rapid Deconstruction     Earth                        5
Comestibles
 d - a bread ration
 h - a chunk of flesh
 i - 5 fruits
 o - a royal jelly


   Skills:
 + Level 2.9 Dodging
 + Level 2.7 Stealth
 + Level 3.8 Spellcasting
 + Level 0.2 Conjurations
   Level 1.1 Transmutations
 - Level 4.2 Earth Magic


You had 5 spell levels left.
You knew the following spells:

 Your Spells              Type           Power        Failure   Level  Hunger
a - Sandblast             Erth           ###...       2%          1    None
b - Stone Arrow           Conj/Erth      ##....       17%         3    ###....


Dungeon Overview and Level Annotations

Branches:
Dungeon (2/15)

Altars:

Annotations:
D:2 Robin


Message History

The hobgoblin shouts!
A hobgoblin comes into view.
Robin roars a battlecry!
The hobgoblins go into a battle-frenzy!
Found a dagger.
Robin completely misses you.
Casting: Sandblast
Confirm with . or Enter, or press ? or * to list all spells.
Aiming: Sandblast
Press: ? - help, Shift-Dir - straight line, f/p - Robin
Aim: Robin, wielding a vampiric whip, wearing a glowing animal skin and wearing a helmet (severely wounded)
The blast of sand hits Robin.
Robin is almost dead.
Robin misses you. The hobgoblin closely misses you.
The hobgoblin hits you with a club!
* * * LOW HITPOINT WARNING * * *
Robin throws the goblin at you!
You closely miss the goblin. The hobgoblin barely misses you.
The goblin closely misses you. The hobgoblin hits you with a club.
You die...

#..g. ...#..
#######.#..##..#.#
#....#.....)...#.#
....#.........#.###
....+.............. ..
...#.........#.#.#
...####.................
##......#####..#..#....
#....g@.# ##......###))
##.###gg###.......###(#
#...g..g.g......).#
#...g.............#
#...........#####.# ###
).............# #..
#<###+######.##.......#
#.#
#.<....#####.##..#..#.#
#.#
..##.........##.....#.##.#
###


You could see Robin, 3 hobgoblins and a goblin.

Vanquished Creatures
  A worm (D:1)
  A dart slug (D:2)
  8 bats
  2 giant cockroaches (D:1)
  12 goblins
  4 hobgoblins
  6 jackals (D:1)
  A kobold (D:1)
  2 ball pythons (D:1)
  A giant newt (D:1)
  2 rats (D:1)
40 creatures vanquished.

Notes
Turn   | Place    | Note
--------------------------------------------------------------
     0 | D:1      | dynamoDes the Deep Elf Earth Elementalist began the quest for the Orb.
     0 | D:1      | Reached XP level 1. HP: 10/10 MP: 6/6
   259 | D:1      | Reached XP level 2. HP: 15/15 MP: 6/8
   286 | D:1      | Reached skill level 4 in Earth Magic
   747 | D:1      | Reached XP level 3. HP: 13/19 MP: 0/10
   980 | D:1      | Learned a level 3 spell: Stone Arrow
  1584 | D:2      | Noticed Robin
  1626 | D:2      | Slain by a hobgoblin

Vault maps used:
D:1:      lemuel_arrival_cross
D:2:      uniq_robin

Skill      XL: |  1  2 |
---------------+-------+-----
Earth Magic    | 4 |  4.2
Dodging        | |  2.9
Stealth        | |  2.7
Spellcasting   | |  3.8
Conjurations   | |  0.2
Transmutations | |  1.1

Action                   || total
-------------------------++-------
Melee: Short sword       ||    19
       Spear             ||     2
 Cast: Sandblast         ||    73
  Use: Scroll            ||     5
       Potion            ||     3
  Eat: Bread ration      ||     1
Armor: Robe              ||    13
Dodge: Dodged            ||    60
